 Dungeon Crawl Stone Soup version 0.21-a0-331-gfb491b4 (webtiles) character file.

123 Svalin the Slasher (level 5, 0/41 HPs)
             Began as a Human Fighter on Oct 2, 2017.
             Succumbed to RexxRaptorr's ghost's poison
             ... on level 3 of the Dungeon.
             The game lasted 00:06:30 (1740 turns).

Svalin the Slasher (Human Fighter)                  Turns: 1740, Time: 00:06:30

Health: 0/41       AC:  9    Str: 16    XL:     5   Next: 28%
Magic:  5/5        EV:  4    Int:  8    God:
Gold:   160        SH: 11    Dex: 14    Spells: 4/4 levels left

rFire    . . .     SeeInvis .   a - +0 long sword
rCold    . . .     Gourm    .   c - +2 shield
rNeg     . . .     Faith    .   o - +0 chain mail
rPois    .         Spirit   .   (no helmet)
rElec    .         Reflect  .   (no cloak)
rCorr    .         Harm     .   (no gloves)
MR       .....                  (no boots)
Stlth    ..........             (no amulet)
HPRegen  0.13/turn              l - ring of stealth
MPRegen  0.09/turn              b - ring of stealth

@: lethally poisoned (0 -> -33), very slightly contaminated, invisible
A: no striking features
a: no special abilities


You were on level 3 of the Dungeon.
You were not hungry.

You visited 1 branch of the dungeon, and saw 3 of its levels.

You collected 160 gold pieces.

Inventory:

Hand Weapons
 a - a +0 long sword (weapon)
 i - a +0 falchion
Armour
 c - a +2 shield (worn)
 o - a +0 chain mail (worn)
 p - a cursed +0 helmet
Jewellery
 b - a ring of stealth (right hand)
 e - a +6 ring of intelligence
 l - a ring of stealth (left hand)
Scrolls
 d - a scroll of amnesia
 g - a scroll of fog {unknown}
 h - 2 scrolls of recharging
Potions
 m - a potion of brilliance
Comestibles
 f - 3 bread rations
 j - 5 meat rations
 n - 13 chunks of flesh


   Skills:
 - Level 3.0 Fighting
 * Level 4.3 Long Blades
 - Level 3.0 Armour
 + Level 4.0 Shields


You had 4 spell levels left.
You didn't know any spells.

Dungeon Overview and Level Annotations

Branches:
Dungeon (3/15)

Altars:
Gozag
Vehumet
Zin

Annotations:
D:3 RexxRaptorr's ghost, amateur OpTm


Message History

You are too injured to fight recklessly!
You are too injured to fight recklessly!
You are too injured to fight recklessly!
Your chain mail prevents you from hitting RexxRaptorr's ghost.
RexxRaptorr's ghost is heavily damaged.
You feel very sick. You block RexxRaptorr's ghost's attack.
You hit RexxRaptorr's ghost.
RexxRaptorr's ghost is heavily damaged.
* * * LOW HITPOINT WARNING * * *
You feel very sick.
RexxRaptorr's ghost hits you but does no damage. x2
You are more poisoned.
* * * LOW HITPOINT WARNING * * *
You feel very sick.
* * * LOW HITPOINT WARNING * * *
You feel very sick.
* * * LOW HITPOINT WARNING * * *
You feel very sick.
You die...

###.##...# #..#
[##.##...###..#
.##+.......#..#########
......####...(.....(...
####### #)............# #
##_## #.....#######.##
##8...8###........###..###...
##.....####...(.....†........
#8.....8#.'.....@.W..........
##.....####.......####.##.##.
#8...8# ####..........# #
....## #.#######..# ....8#
#.#... ..# ....#######.#.#
W.# # ...8##........# #.# #
#>## ######.#.# ####### #.#.#


You could see RexxRaptorr's ghost.

Vanquished Creatures
  An orc priest (D:2)
  3 adders
  3 worms
  2 dart slugs (D:2)
  2 leopard geckos
  5 orcs
  7 bats
  A giant cockroach (D:1)
  6 goblins
  5 hobgoblins
  A quokka (D:2)
  A frilled lizard (D:1)
  5 kobolds
  2 rats
44 creatures vanquished.

Notes
Turn   | Place    | Note
-------+----------+-------------------------------------------
     0 | D:1      | Svalin the Human Fighter began the quest for the Orb.
     0 | D:1      | Reached XP level 1. HP: 18/18 MP: 1/1
   217 | D:1      | Reached XP level 2. HP: 24/24 MP: 2/2
   738 | D:2      | Found a glowing silver altar of Zin.
   739 | D:2      | Found an opulent altar of Gozag.
   744 | D:2      | Reached XP level 3. HP: 29/29 MP: 3/3
   923 | D:2      | Reached XP level 4. HP: 19/35 MP: 4/4
   927 | D:2      | HP: 1/52 [orc priest/falchion (3)]
  1355 | D:2      | Reached XP level 5. HP: 35/41 MP: 5/5
  1661 | D:3      | Found a radiant altar of Vehumet.
  1716 | D:3      | Noticed RexxRaptorr's ghost (amateur OpTm)
  1739 | D:3      | HP: 2/41 [poisoned by RexxRaptorr's ghost]
  1740 | D:3      | Succumbed to RexxRaptorr's ghost's poison

Vault maps used:
D:1:      sevenhm_arrival_forest_fort_small_5
D:2:      grunt_temple_overflow_gold_and_silver, serial_aquarium,
          aquarium_bridge_square, aquarium_bridge_square, aquarium_window_1,
          aquarium_window_corner, aquarium_view_2e, aquarium_balcony_1a,
          aquarium_pool_four
D:3:      nicolae_overflow_hidden_temple, minmay_misc_feat_four_crosses,
          minmay_cut_off

Skill      XL: |  1  2  3  4  5 |
---------------+----------------+-----
Long Blades    | 3 4 |  4.3
Shields        | 4 |  4.0
Fighting       | |  3.0
Armour         | |  3.0

Action                   |  1- 3 |  4- 6 || total
-------------------------+-------+-------++-------
Melee: Long sword        |    75 |    68 ||   143
  Use: Scroll            |     7 |     3 ||    10
       Potion            |     1 |     2 ||     3
 Stab: Invisible         |       |     5 ||     5
  Eat: Chunk             |       |     3 ||     3
Armor: Scale mail        |    15 |       ||    15
       Chain mail        |    21 |    36 ||    57
Dodge: Dodged            |    16 |     6 ||    22
Block: Shield            |    35 |    40 ||    75
       Rpst.: Long sword |     3 |     3 ||     6

Table legend:
 A = Spawn XP
 B = Non-spawn XP
 C = Spawn XP percentage of total XP
 D = Spawn monster count
 E = Non-spawn monster count
 F = Spawn count percentage of total count
 G = Total turns spent on level
                    A         B        C        D         E        F      G
               +---------+---------+-------+---------+---------+-------+---------
         Total |       0 |     176 |   0.0 |       0 |      44 |   0.0 |  1740
               +---------+---------+-------+---------+---------+-------+---------
           D:1 |       0 |      24 |   0.0 |       0 |      13 |   0.0 |   703
           D:2 |       0 |     117 |   0.0 |       0 |      20 |   0.0 |   813
           D:3 |       0 |      35 |   0.0 |       0 |      11 |   0.0 |   224
               +---------+---------+-------+---------+---------+-------+---------
